Map: Altitude LE

Players

winzboy

  • Race: Protoss Protoss
  • League: Gold
  • Spawn Location: 7:00

MrBinBun - Winner!

  • Race: Terran Terran
  • League: Gold
  • Spawn Location: 1:00

VOD

Have the link to the VOD?

Description

Time

  • Played on: May 29, 2023, 11:54 p.m.
  • Length: 6:53
Show
View Real Time Build Order
Export as new Build Order

winzboy Protoss 

Build Orders: 1 Gate Expand 

Get SALT Encoding   

  12  0:01  Probe  
  13  0:21  Pylon  
  13  0:25  Probe  
  14  0:37  Probe  
  15  0:45  Gateway  
  15  0:49  Probe (Chrono Boost)  
  16  0:55  Assimilator  
  16  0:59  Probe (Chrono Boost)  
  17  1:04  Probe (Chrono Boost)  
  18  1:16  Probe  
  19  1:36  Cybernetics Core  
  19  1:40  Nexus  
  19  1:41  Probe  
  20  1:50  Pylon  
  20  1:53  Probe  
  21  1:59  Assimilator  
  21  2:14  Probe  
  22  2:22  Protoss Air Weapons Level 1 (Chrono Boost)  
  22  2:26  Probe  
  23  2:34  Adept (Chrono Boost)  
  25  2:38  Probe  
  26  2:50  Probe  
  27  2:59  Robotics Facility  
  27  3:02  Probe  
  28  3:08  Probe, Shield Battery  
  29  3:15  Probe  
  30  3:20  Probe  
  30  3:24  Stalker  
  34  3:28  Probe (Chrono Boost)  
  34  3:32  Probe (Chrono Boost)  
  36  3:44  Probe (Chrono Boost)  
  36  3:45  Probe (Chrono Boost)  
  36  3:48  Immortal  
  41  3:51  Probe (Chrono Boost)  
  42  3:58  Pylon  
  42  4:00  Twilight Council  
  42  4:06  Probe (Chrono Boost), Warp Gate (Chrono Boost)  
  42  4:09  Pylon  
  44  4:10  Probe (Chrono Boost)  
  44  4:12  Stalker  
  47  4:18  Probe (Chrono Boost)  
  47  4:21  Probe (Chrono Boost)  
  48  4:30  Probe  
  49  4:33  Pylon  
  49  4:35  Gateway  
  49  4:37  Gateway  
  49  4:39  Gateway  
  49  4:41  Gateway  
  49  4:42  Sentry  
  49  4:44  Gateway  
  51  4:45  Probe  
  51  4:50  Assimilator  
  51  4:52  Assimilator  
  52  4:55  Charge (Chrono Boost)  
  52  5:05  Immortal  
  35  5:29  Stalker  
  27  5:52  Stalker x2  
  27  5:53  Stalker  
  27  5:54  Stalker  
  35  5:58  Probe (Chrono Boost)  
  35  6:03  Probe (Chrono Boost)  
  37  6:11  Probe (Chrono Boost)  
  31  6:31  Zealot  
Show
View Real Time Build Order
Export as new Build Order

MrBinBun Terran - Winner!

Build Orders:  

Get SALT Encoding   

  12  0:01  SCV  
  13  0:13  SCV  
  14  0:18  Supply Depot  
  14  0:25  SCV  
  15  0:39  SCV  
  15  0:41  Barracks  
  16  0:48  Supply Depot  
  16  0:51  SCV  
  16  0:57  Refinery  
  17  1:02  Refinery  
  17  1:07  SCV  
  18  1:19  SCV  
  19  1:27  Barracks  
  19  1:31  SCV  
  20  1:37  Barracks Reactor  
  20  1:43  SCV  
  21  1:54  Supply Depot  
  21  1:55  SCV  
  22  2:05  Factory  
  22  2:08  SCV  
  23  2:16  Reaper  
  23  2:17  Reaper  
  23  2:21  Reaper  
  26  2:28  Supply Depot  
  26  2:33  SCV  
  27  2:48  Reaper  
  27  2:49  Reaper  
  29  2:53  Reaper  
  29  2:54  Widow Mine  
  32  3:03  Supply Depot  
  32  3:15  Widow Mine  
  34  3:21  Reaper x2  
  36  3:29  SCV  
  36  3:31  Reaper  
  38  3:43  Orbital Command  
  38  3:53  Widow Mine, Reaper x2  
  42  4:03  Command Center  
  42  4:04  Barracks Tech Lab  
  42  4:15  Widow Mine  
  44  4:18  Supply Depot  
  44  4:25  SCV  
  45  4:55  Factory Tech Lab  
  45  4:56  Marauder, Marine x2  
  49  5:02  Starport  
  49  5:04  Factory  
  49  5:07  Supply Depot  
  49  5:17  Marauder  
  51  5:46  Siege Tank  
  51  5:47  Marine x2  
  51  5:48  Marauder  
  58  5:57  SCV  
  59  6:09  Marauder, SCV  
  62  6:18  Siege Tank  
  62  6:46  Factory Tech Lab, Starport Tech Lab  
Tags
 
League
GoldGold
Matchup
PvT
Replay Pack
Multiplayer
Spawn Locations
Cross Positions
Add a new tag
Caveats
  • Supply blocks, unpowered buildings, or Contaminate may cause inaccurate times.
  • Supply counts are checked every 10 seconds.